 Dungeon Crawl Stone Soup version 0.19-a0-687-g35db334 (webtiles) character file.

692179 zinstreak the Acrobat (level 27, -5/237 HPs)
             Began as a Human Monk on June 18, 2016.
             Was the Champion of Zin.
             Killed by divine providence
             ... invoked by a yellow draconian zealot
              (7 damage)
             ... on level 5 of the Realm of Zot.
             The game lasted 02:56:38 (89652 turns).

zinstreak the Acrobat (Human Monk)                 Turns: 89652, Time: 02:56:38

Health: -5/237     AC: 38    Str: 21    XL:     27
Magic:  15/34      EV:  2    Int: 22    God:    Zin [******]
Gold:   3744       SH:  0    Dex: 38    Spells: 10 memorised, 9 levels left

rFire  + + +     SeeInvis +     a - +12 quick blade of Lies {venom, Dex+5}
rCold  + . .     Gourm    .     q - +8 fire dragon armour
rNeg   + + +     Faith    .     e - +0 shield {rC+}
rPois  ∞         Spirit   .     X - +1 helmet of the Alphagorgon {Regen+ Str+2 Int+2}
rElec  +         Dismiss  .     l - +2 cloak {+Inv}
rCorr  +         Reflect  .     f - +0 pair of gloves of Gluttony {rC+ rN+ MR+ rCorr} (curse)
SustAt .         Harm     .     S - +0 pair of boots "Gienain" {rN+ Int+3 Dex+4}
MR     +++..                    t - macabre finger necklace {rN+}
Stlth  ++........               F - ring of Hospitality {Wiz rElec Str-2 Slay+5}
                                U - ring of protection from fire
                                z - ring of see invisible

@: vitalised, petrified, extremely resistant to hostile enchantments, unstealthy
A: rough black scales 1, agile 1
a: Recite, Vitalisation, Imprison, Sanctuary, Donate Gold, Cure All Mutations,
Renounce Religion, Evoke Invisibility
}: 5/15 runes: decaying, serpentine, slimy, silver, abyssal


You were on level 5 of the Realm of Zot.
You worshipped Zin.
Zin was exalted by your worship.
You were completely stuffed.

You visited 11 branches of the dungeon, and saw 55 of its levels.
You visited the Abyss 1 time.
You also visited: Labyrinth, Sewer, Bailey and Ice Cave.

You collected 7593 gold pieces.
You spent 3409 gold pieces at shops.
You donated 440 gold pieces to Zin.

Inventory:

Hand Weapons
 a - the +12 quick blade of Lies (weapon) {venom, Dex+5}
   (You acquired it on level 4 of the Snake Pit)

   It poisons the flesh of those it strikes.
   It affects your dexterity (+5).
 b - the +5 quick blade "Ockucwuwuf" {flame, rF+ rC+}
   (You bought it in a shop on level 2 of the Orcish Mines)

   It has been specially enchanted to burn those struck by it, causing extra
   injury to most foes and up to half again as much damage against particularly
   susceptible opponents.
   It protects you from fire.
   It protects you from cold.
Missiles
 H - 4 throwing nets (quivered)
Armour
 e - a +0 shield of cold resistance (worn)
 f - the cursed +0 pair of gloves of Gluttony (worn) {rC+ rN+ MR+ rCorr}
   (You found it on level 4 of the Swamp)

   It protects you from cold.
   It protects you from negative energy.
   It affects your resistance to hostile enchantments.
   It protects you from acid and corrosion.
   It has a curse placed upon it.
 l - a +2 cloak of invisibility (worn)
 q - a +8 fire dragon armour (worn)
 S - the +0 pair of boots "Gienain" (worn) {rN+ Int+3 Dex+4}
   (You found it on level 5 of the Depths)

   It affects your intelligence (+3).
   It affects your dexterity (+4).
   It protects you from negative energy.
 X - the +1 helmet of the Alphagorgon (worn) {Regen+ Str+2 Int+2}
   (You found it in a labyrinth)

   It affects your strength (+2).
   It affects your intelligence (+2).
   It increases your rate of regeneration.
Rods
 g - a +0 lightning rod (14/14)
   (You found it on level 1 of the Swamp)
 J - a +2 rod of inaccuracy (11/11)
   (You took it off a deep elf death mage on level 3 of the Elven Halls)
Jewellery
 t - the macabre finger necklace (around neck) {rN+}
   (You found it on level 5 of the Pits of Slime)

   [amulet of nothing]

   It protects you from negative energy.
 w - the ring "Keyqay" {rCorr rElec rC+ MR+}
   (You took it off a deep elf death mage on level 3 of the Elven Halls)

   [ring of resist corrosion]

   It protects you from cold.
   It insulates you from electricity.
   It affects your resistance to hostile enchantments.
 z - a ring of see invisible (on amulet)
 E - an uncursed amulet of harm
 F - the ring of Hospitality (right hand) {Wiz rElec Str-2 Slay+5}
   (You took it off a deep elf death mage on level 3 of the Elven Halls)

   [ring of wizardry]

   It improves your spell success rate.
   It affects your strength (-2).
   It affects your accuracy and damage with ranged weapons and melee attacks
   (+5).
   It insulates you from electricity.
 O - a +3 ring of slaying
 U - a ring of protection from fire (left hand)
Wands
 h - a wand of digging (15/24)
 v - a wand of teleportation (4/9)
 y - a wand of acid (5/15)
 C - a wand of confusion (11/48)
 W - a wand of teleportation (5/9)
Scrolls
 d - 5 scrolls of teleportation
 j - a scroll of silence
 m - 20 scrolls of remove curse
 n - 2 scrolls of immolation
 A - 6 scrolls of recharging
 B - 6 scrolls of fear
 D - 7 scrolls of identify
 G - a scroll of summoning
 I - 7 scrolls of magic mapping
 L - 2 scrolls of holy word
 Q - 8 scrolls of fog
 T - 7 scrolls of blinking
Potions
 c - a potion of magic
 o - 5 potions of flight
 p - 8 potions of heal wounds
 r - 2 potions of agility
 u - 13 potions of curing
 x - a potion of ambrosia
 K - 4 potions of haste
 P - 6 potions of resistance
 R - a potion of might
 Y - 3 potions of cancellation
Miscellaneous
 k - 4 sacks of spiders
 s - a fan of gales
 M - a phial of floods
 V - a disc of storms
 Z - a lamp of fire
Comestibles
 N - 8 bread rations


   Skills:
 - Level 23.7 Fighting
 - Level 15.4 Short Blades
   Level 4.4 Maces & Flails
 + Level 20.2 Armour
 + Level 24.9 Dodging
 - Level 2.0 Stealth
 - Level 16.2 Shields
 - Level 4.7 Spellcasting
 - Level 4.5 Hexes
 - Level 7.7 Charms
 - Level 10.0 Translocations
 - Level 4.0 Air Magic
 - Level 13.4 Invocations
 + Level 14.7 Evocations


You had 9 spell levels left.
You knew the following spells:

 Your Spells              Type           Power        Failure   Level  Hunger
a - Spectral Weapon       Hex/Chrm       ####....     3%          3    ##.....
b - Blink                 Tloc           N/A          1%          2    None
c - Swiftness             Chrm/Air       ####....     1%          2    None
d - Tukima's Dance        Hex            ####....     4%          3    ##.....
e - Infusion              Chrm           ####         1%          1    None
f - Apportation           Tloc           #####.....   1%          1    None
g - Deflect Missiles      Chrm/Air       ####......   94%         6    #######
h - Summon Butterflies    Summ           #.......     10%         1    None
i - Silence               Hex/Air        ###.......   65%         5    #####..
r - Repel Missiles        Chrm/Air       ####..       1%          2    None


Dungeon Overview and Level Annotations

Branches:
Dungeon (15/15)            Temple (1/1) D:6            Lair (6/6) D:11
  Swamp (4/4) Lair:2        Snake (4/4) Lair:3        Slime (5/5) Lair:5
    Orc (2/2) D:11            Elf (3/3) Orc:2        Vaults (5/5) D:13
  Crypt (0/3) Vaults:3     Depths (5/5) D:15            Zot (5/5) Depths:5

Altars:
Ashenzari
Cheibriados
Dithmenos
Elyvilon
Fedhas
Gozag
Hepliaklqana
Kikubaaqudgha
Makhleb
Nemelex Xobeh
Okawaru
Pakellas
Qazlal
Ru
Sif Muna
Trog
Uskayaw
Vehumet
Xom
Yredelemnul
Zin
The Shining One
Beogh
Jiyva
Lugonu

Shops:
D:5 ?   D:8 (   D:15 %   Orc:2 ((%(   Elf:3 *(}(   Vaults:4 *   Vaults:5 *
Depths:2 (**

Portals:
Hell: Depths:1 Depths:2 Depths:3 Depths:4 Depths:5
Abyss: Depths:2 Depths:4 Depths:5
Pandemonium: Depths:1 Depths:2 Depths:3
Ziggurat: Depths:2

Annotations:
D:2 exclusion: downstairs
D:3 exclusion: downstairs
D:4 exclusions: downstairs and upstairs, zinstreak's ghost, amateur HuMo
D:7 exclusion: downstairs
D:10 exclusion: 2 downstairs, Fannar
D:11 exclusion: 2 downstairs
D:12 exclusion: downstairs
Swamp:3 exclusion: upstairs
Orc:2 exclusion: door
Vaults:2 exclusion: downstairs
Vaults:3 gressup's ghost, adept DrMo


Innate Abilities, Weirdness & Mutations

You are partially covered in rough black scales. (AC +4, Dex -1)
You are agile. (Dex +2)


Message History

The Executioner hits you!
* * * LOW HITPOINT WARNING * * *
The Executioner hits you.
The Executioner hits you but does no damage.
The ancient lich gestures wildly while chanting.
The red draconian disappears!
The ancient lich touches you but does no damage.
The ancient lich touches you.
* * * LOW HITPOINT WARNING * * *
The black draconian monk roars!
The ancient lich touches you.
* * * LOW HITPOINT WARNING * * *
The ancient lich points at you and mumbles some strange words.
The crystal spear hits you!
* * * LOW HITPOINT WARNING * * *
A bolt hits the mottled draconian!
The mottled draconian hits you but does no damage.
The yellow draconian zealot invokes the aid of its god against you.
Something smites you!
You die...

................^..#
...q..^............#
..................##
#.).....^........##
^..pd....q......##
▓▓▓▓▓▓#▓##.....▓▓
*,,,,..(.......1▓▓
,,,,,.dq....[L.Lp▓▓
,,,,,.L.^.^qdLdL@.▓*
,,,,,........q.§d..▓
,,,,,q.....1.......▓
,,,,,.............▓▓
,,,,,.....^.*....▓▓
,,,,,...........▓▓
,,,,,............**
,,,,,.............**
,,,,,,,,,,,,,,,,,,,*


You could see an orb of fire, a Killer Klown, a black draconian monk, 4 ancient
liches, a Tzitzimitl, a black draconian, 2 draconians, a yellow draconian
zealot, a red draconian scorcher and an Executioner.

Vanquished Creatures
  the Royal Jelly (Slime:5)
  A juggernaut (Depths:5)
  A shard shrike (Zot:1)
  2 curse toes (Zot:1)
  Nikola (Swamp:3)
  7 golden dragons
  2 bone dragons (Depths:5)
  An electric golem (Zot:1)
  Jorgrun (Swamp:4)
  A hellephant (Zot:1)
  7 liches
  13 tentacled monstrosities
  The ghost of stupendous the Fencer, an adept FoFi of Hepliaklqana (Elf:3)
  10 Orb Guardians (Zot:5)
  A deep elf blademaster (Elf:2)
  5 titans
  23 acid blobs
  2 deep elf master archers (Elf:3)
  The ghost of Hellonello the Impaler, an adept HOGl of Hepliaklqana (Elf:3)
  8 sphinxes
  10 death cobs
  7 shadow dragons
  5 tengu reavers
  The ghost of Kurtz the Bludgeoner, an adept TeGl of Okawaru (Snake:2)
  6 thorn hunters
  Roxanne (Swamp:4)
  9 greater nagas
  6 storm dragons
  2 draconian monks (Zot:3)
  10 azure jellies
  6 frost giants
  An orc warlord (Orc:2)
  5 draconian knights
  9 deep elf sorcerers
  7 draconian scorchers
  Aizul (Snake:2)
  13 fire giants
  12 vault wardens
  An iron dragon (Depths:3)
  2 ghost moths
  4 draconian shifters
  2 deep elf elementalists (Elf:2)
  6 draconian annihilators
  25 stone giants
  15 ironheart preservers
  18 very ugly things
  4 draconian zealots
  2 vampire knights
  4 draconian callers
  Nessos (Orc:2)
  An apis (shapeshifter) (Vaults:5)
  2 spriggan defenders (Depths:5)
  3 deep elf demonologists
  10 deep elf annihilators
  13 yellow draconians
  8 black draconians
  10 red draconians
  150 slime creatures
  8 green draconians
  9 white draconians
  11 purple draconians
  13 mottled draconians
  12 spark wasps
  15 ettins
  2 green deaths (Swamp:4)
  8 death oozes
  11 deep elf death magi
  Josephine (Orc:2)
  9 deep elf high priests
  A minotaur (Lab)
  15 yaktaur captains
  20 fire dragons
  15 great orbs of eyes
  2 rakshasas
  10 hydras
  25 vault guards (Vaults:5)
  30 ice dragons
  14 naga warriors
  3 spriggan air magi
  5 ghost crabs
  20 ogre magi
  A catoblepas (D:13)
  14 centaur warriors
  3 hell beasts
  3 death knights
  6 anacondas
  30 dancing weapons
  10 alligators
  4 death yaks (Lair:5)
  16 deep troll shamans
  4 vampire magi
  12 deep troll earth magi
  A thrashing horror (Abyss:2)
  6 tengu warriors
  17 naga sharpshooters
  6 orc high priests
  26 hell knights
  4 spriggan berserkers
  11 shock serpents
  39 deep elf knights
  2 fire crabs (shapeshifter)
  Sonja (Orc:2)
  16 skeletal warriors
  2 fire crabs
  3 salamander mystics
  3 iron trolls
  3 shadow wraiths
  A wizard (Depths:2)
  A spatial maelstrom (Abyss:3)
  A storm dragon skeleton (Vaults:3)
  2 sea snakes (Snake:4)
  8 swamp dragons
  5 giant orange brains
  4 flayed ghosts
  A shambling mangrove (Swamp:1)
  3 spriggan druids (Swamp:4)
  An unseen horror (D:15)
  48 deep trolls
  An unseen horror (shapeshifter) (Vaults:1)
  A lindwurm (Lair:6)
  20 deep elf archers
  13 ironbrand convokers
  8 naga ritualists
  10 necromancers
  A tengu skeleton (Vaults:3)
  76 deep elf magi
  6 phantasmal warriors
  Pikel (D:7)
  A harpy (shapeshifter) (Vaults:5)
  7 hill giants
  11 mana vipers
  16 orc knights
  5 orc sorcerers
  A frost giant zombie (Vaults:4)
  11 hornets
  A shining eye (shapeshifter) (Elf:2)
  A shadow dragon skeleton (Vaults:4)
  2 wolf spiders
  69 ugly things
  5 shining eyes
  A sphinx skeleton (Vaults:3)
  A manticore (D:11)
  11 cyclopes
  8 salamanders
  6 griffons
  18 moths of wrath
  Joseph (D:8)
  Maurice (D:12)
  19 vault sentinels
  A fire giant skeleton (Vaults:3)
  Psyche (D:9)
  2 octopodes (shapeshifter)
  A guardian serpent (Snake:3)
  3 ice statues
  2 eyes of devastation (Slime:5)
  A rust devil (Depths:1)
  A torpor snail (Lair:5)
  37 black mambas
  27 naga magi
  An orange demon (Swamp:4)
  A gargoyle (D:13)
  22 spiny frogs
  A yaktaur (shapeshifter) (D:15)
  2 kobold demonologists
  59 yaktaurs
  7 komodo dragons
  5 freezing wraiths
  A rime drake (Lair:6)
  7 human skeletons
  8 ice devils (IceCv)
  A redback zombie (D:15)
  10 polar bears
  5 tengu conjurers
  6 trolls
  A polar bear (shapeshifter) (D:15)
  2 jumping spiders (shapeshifter)
  A two-headed ogre (shapeshifter) (Elf:1)
  29 two-headed ogres
  Prince Ribbit (D:8)
  4 giant leeches
  3 raiju (Lair:6)
  A boulder beetle (Vaults:4)
  11 blink frogs
  7 bog bodies
  A frost giant simulacrum (Vaults:4)
  2 raiju (shapeshifter)
  A human simulacrum (Vaults:1)
  8 redbacks (Elf:3)
  2 water elementals
  9 air elementals
  8 shadows
  3 wyverns
  11 spriggans
  4 tarantellas (shapeshifter)
  29 yaks
  4 basilisks
  7 wraiths
  2 ettin skeletons (Vaults:3)
  2 fire bats (Depths:4)
  A hippogriff (shapeshifter) (Vaults:4)
  A human (D:11)
  3 hungry ghosts
  2 golden eyes (shapeshifter)
  5 fire elementals
  5 golden eyes (Slime:5)
  A human (shapeshifter) (Vaults:5)
  Menkaure (D:5)
  A steam dragon (Lair:6)
  A steam dragon (shapeshifter) (Depths:3)
  48 vampire mosquitoes
  17 hippogriffs
  8 wargs
  A yaktaur simulacrum (Vaults:4)
  4 large abominations
  A swamp worm (shapeshifter) (Vaults:5)
  6 mottled dragons
  Edmund (D:5)
  49 nagas
  A spatial vortex (Abyss:3)
  19 swamp worms
  9 water moccasins
  2 hydra simulacra (Zot:1)
  3 giant eyeballs
  8 hell hounds
  12 insubstantial wisps
  Duvessa (D:5)
  13 porcupines
  2 soldier ants (D:11)
  66 orc warriors
  14 swamp drakes
  9 ice beasts
  5 sky beasts
  14 black bears
  4 phantoms
  11 boggarts
  3 black bears (shapeshifter)
  A tengu (shapeshifter) (Depths:1)
  A necrophage (Vaults:1)
  12 wasps
  3 eyes of draining
  11 wolves
  72 ogres
  32 centaurs
  15 crocodiles
  5 big kobolds
  18 giant frogs
  5 earth elementals
  A wyvern zombie (D:14)
  A gnoll sergeant (D:3)
  Dowan (D:5)
  A water moccasin zombie (D:5)
  A wyvern skeleton (D:11)
  4 scorpions
  15 killer bees
  8 wights
  6 howler monkeys
  3 electric eels (Bailey)
  5 crimson imps
  A giant frog zombie (D:12)
  2 centaur zombies
  5 draconian simulacra (IceCv)
  A quasit (D:13)
  17 hounds
  A jelly (D:6)
  37 orc wizards
  49 orc priests
  3 giant frog skeletons
  2 iron imps
  16 iguanas
  15 worker ants
  2 spriggan simulacra
  A troll simulacrum (IceCv)
  31 sheep
  A centaur simulacrum (IceCv)
  2 hound skeletons
  A worker ant zombie (D:11)
  14 gnolls
  A gnoll (shapeshifter) (Vaults:4)
  A naga simulacrum (IceCv)
  An ogre simulacrum (IceCv)
  79 river rats
  11 adders
  3 shadow imps
  15 white imps
  3 oozes
  An adder skeleton (D:6)
  A worm (shapeshifter) (Vaults:5)
  20 worms
  A dart slug (shapeshifter) (Vaults:5)
  A dart slug (D:1)
  4 giant geckos
  162 orcs
  A ball python (D:4)
  4 bats
  4 giant cockroaches
  13 hobgoblins
  19 jackals
  2 quokkas
  A giant newt (D:5)
  18 goblins
  2 goblin skeletons (D:5)
  3 hobgoblin zombies (D:5)
  12 kobolds
  A kobold zombie (D:5)
  An orc zombie (D:5)
  20 rats
  3 briar patches
  4 pillars of salt
  A plant (Lair:5)
2943 creatures vanquished.

Vanquished Creatures (collateral kills)
  An ancient lich (Vaults:5)
  Jory (Vaults:4)
  2 ironheart preservers (Vaults:4)
  A water elemental (Elf:3)
5 creatures vanquished.

Vanquished Creatures (others)
  Margery (Vaults:3)
  A titan (Vaults:5)
  A shadow dragon (Vaults:5)
  A tengu reaver (Depths:4)
  A deep elf elementalist (Elf:3)
  A vault warden (Vaults:1)
  A vampire knight (Depths:1)
  An ettin (Depths:2)
  A fire dragon (Depths:1)
  A rakshasa (Depths:1)
  A hydra (Swamp:3)
  A dancing weapon (Elf:2)
  A fire crab (shapeshifter) (Vaults:5)
  A wolf spider (D:2)
  2 deep elf magi
  A vault sentinel (Vaults:1)
  A giant leech (Swamp:3)
  A two-headed ogre (Vaults:5)
  A yak (D:12)
  An orc warrior (Orc:2)
  A wasp (Swamp:4)
  A centaur (Depths:3)
  An ogre (Vaults:5)
  A boggart (Depths:3)
  An iguana (Lair:6)
  3 orcs
  A giant newt (Lair:2)
  A kobold (D:13)
  A briar patch (Swamp:2)
  15 fungi
  17 pillars of salt
  20 plants (Lair:6)
  3 spectral weapons (Zot:1)
87 creatures vanquished.

Grand Total: 3035 creatures vanquished

Notes
Turn   | Place    | Note
--------------------------------------------------------------
     0 | D:1      | zinstreak the Human Monk began the quest for the Orb.
     0 | D:1      | Reached XP level 1. HP: 18/18 MP: 1/1
   102 | D:1      | Reached XP level 2. HP: 14/24 MP: 2/2
   623 | D:1      | Reached XP level 3. HP: 29/29 MP: 3/3
  1581 | D:2      | Found a hide-covered altar of Uskayaw.
  1601 | D:2      | You fall through a shaft for 2 floors!
  1682 | D:4      | Got a colourful robe
  1693 | D:4      | Identified the +2 robe of Selon {+Inv rC+} (You found it on level 4 of the Dungeon)
  1756 | D:4      | Found a shattered altar of Ashenzari.
  1816 | D:4      | Got a faintly glowing dagger
  1817 | D:4      | Identified the +7 dagger of Luxury {flame, Int+3} (You found it on level 4 of the Dungeon)
  1870 | D:4      | Found a basalt altar of Yredelemnul.
  2300 | D:3      | Noticed a gnoll sergeant
  2302 | D:3      | Reached skill level 1 in Short Blades
  2302 | D:3      | Reached XP level 4. HP: 35/35 MP: 4/4
  2309 | D:3      | Killed a gnoll sergeant
  2309 | D:3      | Reached XP level 5. HP: 27/41 MP: 5/5
  2540 | D:3      | Found a glowing drain.
  2550 | Sewer    | Entered a sewer
  2664 | Sewer    | Noticed a big kobold
  3124 | Sewer    | Killed a big kobold
  3124 | Sewer    | Reached XP level 6. HP: 46/47 MP: 6/6
  3176 | Sewer    | Found a white marble altar of Elyvilon.
  3455 | D:2      | Reached skill level 5 in Short Blades
  3598 | D:2      | Found a sacrificial altar of Ru.
  3808 | D:2      | Found an oddly glowing altar of Pakellas.
  3808 | D:2      | Noticed a wolf spider
  3820 | D:2      | Killed a wolf spider
  3821 | D:2      | Noticed a toenail golem
  4155 | D:3      | Reached XP level 7. HP: 52/52 MP: 7/7
  4302 | D:4      | Noticed zinstreak's ghost (amateur HuMo)
  4766 | D:5      | Entered Level 5 of the Dungeon
  4766 | D:5      | Noticed Dowan
  5086 | D:6      | Reached skill level 1 in Evocations
  5420 | D:6      | Found a shimmering altar of Xom.
  5557 | D:6      | Reached XP level 8. HP: 50/58 MP: 9/9
  5629 | D:6      | Found an ancient bone altar of Kikubaaqudgha.
  5634 | D:6      | Found a stormy altar of Qazlal.
  6051 | D:6      | Noticed a hill giant
  6056 | D:6      | Killed a hill giant
  6056 | D:6      | Reached XP level 9. HP: 63/63 MP: 10/12
  6076 | D:6      | Found a staircase to the Ecumenical Temple.
  6120 | Temple   | Entered the Ecumenical Temple
  6492 | D:6      | Found an oddly glowing altar of Pakellas.
  6829 | D:5      | Reached skill level 5 in Evocations
  7264 | D:5      | Found a glowing golden altar of the Shining One.
  7520 | D:5      | Found Qimusauju's Magic Scroll Shoppe.
  7523 | D:5      | Bought a scroll of identify for 30 gold pieces
  7523 | D:5      | Bought a scroll of fear for 52 gold pieces
  7523 | D:5      | Bought a scroll of identify for 30 gold pieces
  7523 | D:5      | Bought a scroll of teleportation for 45 gold pieces
  7523 | D:5      | Bought a scroll of recharging for 142 gold pieces
  7540 | D:5      | Noticed Duvessa
  7548 | D:5      | Killed Duvessa
  7548 | D:5      | Reached skill level 10 in Short Blades
  7555 | D:5      | Killed Dowan
  7748 | D:5      | Noticed Menkaure
  7757 | D:5      | Killed Menkaure
  7909 | D:5      | Noticed Edmund
  7929 | D:5      | Killed Edmund
  7929 | D:5      | Reached skill level 1 in Shields
  8290 | D:6      | Reached XP level 10. HP: 70/70 MP: 14/14
  8551 | D:8      | Noticed Joseph
  8599 | D:7      | Reached skill level 5 in Shields
  8720 | D:7      | Gained mutation: You are partially covered in rough black scales. (AC +4, Dex -1) [potion of beneficial mutation]
  9390 | D:8      | Noticed Pikel
  9396 | D:7      | Killed Pikel
  9615 | D:8      | Killed Joseph
  9683 | D:8      | Noticed Prince Ribbit
  9700 | D:8      | Killed Prince Ribbit
  9729 | D:8      | Found a deep blue altar of Sif Muna.
 10064 | D:8      | Reached XP level 11. HP: 75/75 MP: 15/15
 10115 | D:8      | Found Hihus's Antique Weapon Shop.
 10302 | D:8      | Bought a bloodstained dagger for 147 gold pieces
 10302 | D:8      | Identified the cursed +1 dagger "Ciweamou" {pierce, rElec rF- MR+++ Dex+3} (You bought it in a shop on level 8 of the Dungeon)
 10467 | D:9      | Reached skill level 4 in Dodging
 10991 | D:9      | Found a glowing silver altar of Zin.
 11001 | D:9      | Noticed Psyche
 11010 | D:9      | Became a worshipper of Zin the Law-Giver
 11010 | D:9      | Reached * piety under Zin
 11010 | D:9      | Reached ** piety under Zin
 11051 | D:9      | Killed Psyche
 11103 | D:9      | Reached skill level 5 in Dodging
 11207 | D:10     | Entered Level 10 of the Dungeon
 11298 | D:10     | Noticed a hill giant
 11317 | D:10     | Killed a hill giant
 11317 | D:10     | Reached skill level 5 in Fighting
 11645 | D:10     | Noticed Fannar
 11727 | D:10     | Gained mutation: You are agile. (Dex +2) [mutagenic meat]
 12008 | D:11     | Noticed an eight-headed hydra
 12030 | D:11     | Reached skill level 1 in Invocations
 12270 | D:11     | Found a staircase to the Lair.
 12322 | D:11     | Noticed a hill giant
 12341 | D:11     | Killed a hill giant
 12341 | D:11     | Reached skill level 5 in Invocations
 12537 | D:11     | Killed an eight-headed hydra
 12596 | D:11     | Reached XP level 12. HP: 86/86 MP: 17/17
 12824 | D:11     | Noticed a deep troll earth mage
 12949 | Lair:1   | Entered Level 1 of the Lair of Beasts
 13227 | Lair:1   | Found a labyrinth entrance.
 13242 | Lab      | Entered a labyrinth
 13741 | Lab      | Noticed a minotaur
 13753 | Lab      | Killed a minotaur
 13761 | Lab      | Got a pitted helmet
 13773 | Lab      | Identified the +1 helmet of the Alphagorgon {Regen+ Str+2 Int+2} (You found it in a labyrinth)
 13775 | Lab      | Identified the Disquisition on Good Luck
 13778 | Lab      | Identified Xenug's Papyrus of Icy Blows and Bruises
 14170 | Lair:1   | Reached skill level 10 in Invocations
 15019 | D:11     | Found a staircase to the Orcish Mines.
 15653 | D:11     | Noticed a fire dragon
 15988 | D:12     | Noticed Maurice
 15993 | D:12     | Killed Maurice
 15995 | D:12     | Reached *** piety under Zin
 16220 | D:12     | Found a frozen archway.
 16235 | D:12     | Noticed a skeletal warrior
 16269 | IceCv    | Entered an ice cave
 16371 | IceCv    | Reached XP level 13. HP: 53/92 MP: 19/22
 16473 | IceCv    | Reached skill level 6 in Dodging
 17536 | IceCv    | Reached skill level 7 in Dodging
 17540 | IceCv    | Got a jewelled chain mail
 17562 | IceCv    | Identified the +1 chain mail "Foytan" {Regen+ Str+2 Dex+5} (You found it in an ice cave)
 18377 | D:12     | Reached **** piety under Zin
 18719 | D:12     | Reached skill level 8 in Dodging
 18853 | D:13     | Noticed a centaur warrior
 18860 | D:12     | Killed a centaur warrior
 18982 | D:13     | Found a gate to the Vaults.
 19197 | Orc:1    | Entered Level 1 of the Orcish Mines
 19336 | Orc:2    | Entered Level 2 of the Orcish Mines
 19746 | Orc:1    | Reached skill level 10 in Shields
 20167 | Orc:1    | Reached ***** piety under Zin
 20326 | Orc:1    | Reached skill level 9 in Dodging
 20402 | Orc:2    | Noticed Sonja
 20416 | Orc:2    | Killed Sonja
 21085 | Orc:2    | Reached XP level 14. HP: 91/104 MP: 23/23
 21454 | Orc:2    | Found a staircase to the Elven Halls.
 21577 | Orc:2    | Noticed Nessos
 21693 | Orc:2    | Killed Nessos
 21693 | Orc:2    | Reached skill level 10 in Dodging
 21714 | Orc:2    | Found a roughly hewn altar of Beogh.
 21760 | Orc:2    | Found Siuwk's Weapon Emporium.
 21912 | Orc:2    | Found Moumasef's Antique Weapon Shoppe.
 22122 | Orc:2    | Noticed a stone giant
 22206 | Orc:2    | Noticed Josephine
 22238 | Orc:2    | Killed Josephine
 22551 | Orc:2    | Noticed an orc warlord
 22616 | Orc:2    | Killed an orc warlord
 22737 | Orc:2    | Found a roughly hewn altar of Beogh.
 22746 | Orc:2    | Noticed a stone giant
 22863 | Orc:2    | Reached skill level 11 in Dodging
 22999 | Orc:2    | Killed a stone giant
 23090 | Orc:2    | Found Seorph's Weapon Emporium.
 23148 | Orc:2    | Found Safokimu's Food Boutique.
 23766 | Lair:2   | Found a staircase to the Swamp.
 23957 | Lair:2   | Learned a level 6 spell: Deflect Missiles
 24655 | Lair:3   | Found a staircase to the Snake Pit.
 24897 | Lair:3   | Reached skill level 12 in Dodging
 25075 | Lair:3   | Got an iridescent quick blade
 25076 | Lair:3   | Identified the +5 quick blade of Misowuot {flame, +Inv rElec MR+ Str+4} (You found it on level 3 of the Lair of Beasts)
 25702 | Lair:4   | Reached XP level 15. HP: 113/113 MP: 24/24
 25926 | Lair:4   | Learned a level 2 spell: Repel Missiles
 25963 | Lair:4   | Learned a level 2 spell: Swiftness
 26050 | Lair:4   | Reached skill level 1 in Air Magic
 26137 | Lair:4   | Reached skill level 1 in Charms
 26294 | Lair:4   | Reached skill level 1 in Spellcasting
 26370 | Lair:4   | Identified the Disquisition on Self-Knowledge and the Arsonist
 26883 | Lair:5   | Found a shadowy altar of Dithmenos.
 27453 | Lair:5   | Found a staircase to the Slime Pits.
 27453 | Lair:5   | Found a viscous altar of Jiyva.
 27961 | Lair:6   | Entered Level 6 of the Lair of Beasts
 27961 | Lair:6   | Found an ancient bone altar of Kikubaaqudgha.
 27981 | Lair:6   | Reached skill level 1 in Armour
 29494 | Lair:6   | Reached ****** piety under Zin
 30198 | Lair:6   | Upgraded the game from 0.19-a0-684-gf760df0 to 0.19-a0-687-g35db334
 30389 | D:11     | Got a translucent plate armour
 30391 | D:11     | Identified the cursed +1 plate armour of the Wilderness {MR+ rCorr} (You found it on level 11 of the Dungeon)
 30438 | D:11     | Got a fine silver ring
 30444 | D:11     | Identified the ring of the Raven {Wiz Str+4} (You took it off a centaur warrior on level 11 of the Dungeon)
 30576 | D:11     | Reached XP level 16. HP: 76/120 MP: 21/25
 31399 | D:13     | Reached XP level 17. HP: 126/126 MP: 27/27
 31402 | D:13     | Reached skill level 13 in Dodging
 31773 | D:14     | Found a flagged portal.
 31800 | Bailey   | Entered a bailey
 31864 | Bailey   | Found an iron altar of Okawaru.
 32298 | Bailey   | Got a smoking scimitar
 32303 | Bailey   | Identified the +3 scimitar "Yhuidy" {venom, MR+ Str+3 Dex+3} (You found it in a bailey)
 33059 | D:15     | Entered Level 15 of the Dungeon
 33295 | D:15     | Reached skill level 10 in Fighting
 33371 | D:15     | Found Gimmah's Food Emporium.
 34025 | D:15     | Found a staircase to the Depths.
 34281 | Swamp:1  | Entered Level 1 of the Swamp
 34380 | Swamp:1  | Reached skill level 10 in Armour
 35407 | Swamp:2  | Noticed a thorn hunter
 35429 | Swamp:2  | Killed a thorn hunter
 35430 | Swamp:2  | Noticed a thorn hunter
 35469 | Swamp:3  | Noticed a thorn hunter
 35503 | Swamp:3  | Killed a thorn hunter
 35676 | Swamp:3  | Noticed Nikola
 35734 | Swamp:3  | Killed Nikola
 36132 | Swamp:3  | Reached XP level 18. HP: 125/135 MP: 28/28
 36457 | Swamp:4  | Entered Level 4 of the Swamp
 36549 | Swamp:4  | Noticed Jorgrun
 36991 | Swamp:4  | Noticed Roxanne
 38242 | Swamp:4  | Killed Jorgrun
 38991 | Swamp:4  | Got a decaying rune of Zot
 39448 | Swamp:2  | Reached skill level 14 in Dodging
 40692 | Swamp:2  | Reached XP level 19. HP: 129/144 MP: 29/29
 41025 | Elf:1    | Entered Level 1 of the Elven Halls
 41077 | Elf:1    | Got a distressingly furry chain mail
 41078 | Elf:1    | Identified the +4 chain mail "Ascheisov" {rC+} (You found it on level 1 of the Elven Halls)
 42164 | Elf:1    | Reached skill level 15 in Dodging
 43439 | Elf:2    | Found a runed gate.
 43439 | Elf:2    | Found a runed gate.
 43439 | Elf:2    | Found a runed gate.
 44840 | Elf:2    | Noticed a deep elf blademaster
 44850 | Elf:2    | Killed a deep elf blademaster
 44850 | Elf:2    | Reached skill level 16 in Dodging
 44907 | Elf:2    | Reached XP level 20. HP: 132/158 MP: 30/30
 45646 | Vaults:1 | Entered Level 1 of the Vaults
 48570 | Vaults:2 | Reached skill level 17 in Dodging
 48571 | Vaults:2 | Reached skill level 15 in Armour
 49105 | Vaults:2 | Reached XP level 21. HP: 150/167 MP: 31/31
 49142 | Vaults:2 | Reached skill level 15 in Fighting
 50697 | Vaults:3 | Noticed Margery
 51473 | Vaults:3 | Found a staircase to the Crypt.
 51826 | Vaults:3 | Killed Margery
 52724 | Vaults:3 | Reached skill level 18 in Dodging
 53379 | Vaults:3 | Noticed gressup's ghost (adept DrMo)
 53618 | Elf:3    | Entered Level 3 of the Elven Halls
 53751 | Elf:3    | Reached XP level 22. HP: 167/178 MP: 32/32
 53831 | Elf:3    | Got a pitted copper amulet
 53832 | Elf:3    | Identified the amulet "Cisk" {Harm *Drain *Corrode rPois rN+ Str+4} (You found it on level 3 of the Elven Halls)
 54078 | Elf:3    | Found Daet's Antique Weapon Shoppe.
 54081 | Elf:3    | Found Caddov's Weapon Emporium.
 54429 | Elf:3    | Found Fuulou's Gadget Shoppe.
 54432 | Elf:3    | Bought a wand of flame (24/48) for 234 gold pieces
 54432 | Elf:3    | Bought a sack of spiders for 360 gold pieces
 54460 | Elf:3    | Noticed stupendous's ghost (adept FoFi)
 54522 | Elf:3    | Killed stupendous's ghost
 55720 | Elf:3    | Noticed Hellonello's ghost (adept HOGl)
 56112 | Elf:3    | Killed Hellonello's ghost
 56246 | Elf:3    | Got a heavily runed lapis lazuli ring
 56248 | Elf:3    | Identified the ring of Hospitality {Wiz rElec Str-2 Slay+5} (You took it off a deep elf death mage on level 3 of the Elven Halls)
 56249 | Elf:3    | noice
 56350 | Elf:3    | Cast into level 2 of the Abyss (a deep elf demonologist)
 56351 | Abyss:2  | boo
 56402 | Abyss:3  | Found a corrupted altar of Lugonu.
 56402 | Abyss:3  | Found a runed gate.
 56402 | Abyss:3  | Found a runed gate.
 56402 | Abyss:3  | Found a runed gate.
 56402 | Abyss:3  | Found a runed door.
 56403 | Abyss:3  | kool
 56415 | Abyss:3  | Found a runed gate.
 56421 | Abyss:3  | Found a runed gate.
 56444 | Abyss:3  | Found a corrupted altar of Lugonu.
 56450 | Abyss:3  | Got an abyssal rune of Zot
 56502 | Elf:3    | Escaped the Abyss
 57001 | Elf:3    | Got a jewelled scale mail
 57002 | Elf:3    | Identified the cursed +0 scale mail of Tenacity {Str+3 Dex+4} (You took it off a deep elf master archer on level 3 of the Elven Halls)
 57048 | Elf:3    | Got a crude steel ring
 57050 | Elf:3    | Identified the ring of Jealousy {rElec rN+ Dex+2} (You took it off a deep elf knight on level 3 of the Elven Halls)
 57092 | Elf:3    | Got a ruby-encrusted ring mail
 57111 | Elf:3    | Identified the cursed +1 ring mail of an ice cave {MR+ Dex+3 Stlth+} (You took it off a deep elf high priest on level 3 of the Elven Halls)
 57186 | Elf:3    | Got a translucent steel ring
 57188 | Elf:3    | Identified the cursed ring "Onadek" {Str+3 Int+7 Slay-3} (You took it off a deep elf annihilator on level 3 of the Elven Halls)
 57272 | Elf:3    | Learned a level 1 spell: Summon Butterflies
 57380 | Elf:3    | Identified a +2 rod of inaccuracy (3/11) (You took it off a deep elf death mage on level 3 of the Elven Halls)
 57384 | Elf:3    | Got a twitching bronze ring
 57387 | Elf:3    | Identified the ring "Keyqay" {rCorr rElec rC+ MR+} (You took it off a deep elf death mage on level 3 of the Elven Halls)
 57388 | Elf:3    | not bad
 57454 | Elf:3    | Identified Cojiavvan's Disquisition on the Sinister Birds (You found it on level 3 of the Elven Halls)
 57604 | Elf:3    | Found Cerif's Assorted Antiques.
 57607 | Elf:3    | Bought an encrusted ruby ring for 200 gold pieces
 57909 | Orc:2    | Bought the +5 quick blade "Ockucwuwuf" {flame, rF+ rC+} for 1022 gold pieces
 58078 | Snake:1  | Entered Level 1 of the Snake Pit
 58889 | Snake:2  | Noticed Aizul
 58889 | Snake:2  | Noticed Kurtz's ghost (adept TeGl)
 59089 | Snake:2  | Killed Kurtz's ghost
 59089 | Snake:2  | Reached XP level 23. HP: 163/191 MP: 33/33
 59096 | Snake:2  | Killed Aizul
 60297 | Snake:3  | Learned a level 3 spell: Spectral Weapon
 60299 | Snake:3  | Learned a level 1 spell: Infusion
 60721 | Snake:4  | Entered Level 4 of the Snake Pit
 60786 | Snake:4  | Got an ivory quick blade
 60787 | Snake:4  | Identified the +12 quick blade of Lies {venom, Dex+5} (You acquired it on level 4 of the Snake Pit)
 60788 | Snake:4  | woah
 61974 | Snake:4  | Got a serpentine rune of Zot
 62019 | Snake:4  | Got a polished leather armour
 62020 | Snake:4  | Identified the +1 leather armour "Merphova" {rN+ MR+ Stlth-} (You found it on level 4 of the Snake Pit)
 62520 | Depths:1 | Entered Level 1 of the Depths
 62549 | Depths:1 | Found a one-way gate leading to the halls of Pandemonium.
 62559 | Depths:1 | Reached XP level 24. HP: 213/213 MP: 33/33
 62673 | Depths:1 | Reached skill level 19 in Dodging
 62765 | Depths:1 | Found a gateway to Hell.
 63646 | Depths:1 | Paralysed by an ogre mage for 3 turns
 63668 | Depths:1 | Paralysed by an ogre mage for 3 turns
 64085 | Depths:1 | Reached skill level 20 in Dodging
 64483 | Depths:1 | Paralysed by something for 5 turns
 65356 | Depths:1 | Got a slimy platinum amulet
 65361 | Depths:1 | Identified the amulet "Huimeom" {Harm *Drain rC- rN+ Int+4} (You took it off a vampire mage on level 1 of the Depths)
 65634 | Depths:1 | Got a translucent buckler
 65635 | Depths:1 | Identified the +2 buckler of Happiness {Dex+3} (You found it on level 1 of the Depths)
 65685 | Depths:2 | Found a gateway to a ziggurat.
 65727 | Depths:2 | Paralysed by a lich for 4 turns
 65840 | Depths:2 | Found Jaewniy's Assorted Antiques.
 65857 | Depths:2 | Bought a brass ring for 125 gold pieces
 65972 | Depths:2 | Reached skill level 21 in Dodging
 66114 | Depths:2 | Reached XP level 25. HP: 219/219 MP: 33/33
 66384 | Depths:2 | Found a one-way gate to the infinite horrors of the Abyss.
 66453 | Depths:2 | Found Dajie's Weapon Shop.
 66690 | Depths:2 | Found Yhetam's General Store.
 66697 | Depths:2 | Bought a potion of heal wounds for 80 gold pieces
 67466 | Vaults:4 | Found Lamoxki's General Store.
 67481 | Vaults:4 | Bought a +0 shield of cold resistance for 253 gold pieces
 67551 | Vaults:4 | Bought a scroll of summoning for 209 gold pieces
 67857 | Vaults:4 | Noticed Jory
 67974 | Vaults:4 | Killed Jory
 68418 | Vaults:4 | Paralysed by a sphinx for 5 turns
 68745 | Vaults:5 | Entered Level 5 of the Vaults
 68753 | Vaults:5 | Reached skill level 22 in Dodging
 69013 | Vaults:5 | Reached skill level 15 in Shields
 69055 | Vaults:5 | Found Eriujor's Assorted Antiques.
 69112 | Vaults:5 | Reached XP level 26. HP: 171/227 MP: 33/33
 69129 | Vaults:5 | Bought a vibrating bone amulet for 175 gold pieces
 69129 | Vaults:5 | Identified the amulet of Upouli {Inacc +Blink rPois rC- Dex-4} (You bought it in a shop on level 5 of the Vaults)
 69348 | Vaults:5 | Noticed an ancient lich
 69439 | Vaults:5 | Got a dazzling scythe {pain}
 69630 | Vaults:5 | Identified the Grimoire of Evil Magic and the Blaze
 70022 | Vaults:5 | Killed an ancient lich
 70128 | Vaults:5 | Got a silver rune of Zot
 70183 | Vaults:5 | Learned a level 1 spell: Apportation
 70186 | Vaults:5 | Learned a level 2 spell: Blink
 70273 | Vaults:5 | Identified the Tome of Boosts (You found it on level 5 of the Vaults)
 70275 | Vaults:5 | Identified the cursed +1 scythe of Gozag's Outrage {pain, MR+ Int+4} (You took it off a vault sentinel on level 5 of the Vaults)
 72206 | Depths:3 | Learned a level 3 spell: Tukima's Dance
 72228 | Depths:3 | Reached skill level 15 in Short Blades
 72548 | Vaults:3 | Reached XP level 27. HP: 233/233 MP: 33/33
 72725 | Vaults:4 | Bought a scroll of enchant armour for 165 gold pieces
 73045 | Vaults:1 | Reached skill level 23 in Dodging
 74162 | Depths:3 | Reached skill level 1 in Hexes
 74716 | Depths:3 | Reached skill level 5 in Charms
 75928 | Depths:4 | Found a corrupted altar of Lugonu.
 76178 | Depths:4 | Reached skill level 1 in Translocations
 76382 | Depths:5 | Entered Level 5 of the Depths
 76387 | Depths:5 | Paralysed by a giant eyeball for 4 turns
 76617 | Depths:5 | Reached skill level 5 in Translocations
 76715 | Depths:5 | Paralysed by a vampire knight for 4 turns
 76818 | Depths:5 | Found a gate to the Realm of Zot.
 77010 | Depths:5 | Noticed a juggernaut
 77010 | Depths:5 | Got a pair of distressingly furry boots
 77055 | Depths:5 | Killed a juggernaut
 77194 | Depths:5 | Identified the +0 pair of boots "Gienain" {rN+ Int+3 Dex+4} (You found it on level 5 of the Depths)
 77793 | Depths:5 | Reached skill level 10 in Translocations
 77890 | Depths:5 | Paralysed by a great orb of eyes for 2 turns
 78208 | Zot:1    | Entered Level 1 of the Realm of Zot
 78289 | Zot:1    | Got a citrine-encrusted plate armour
 78290 | Zot:1    | Identified the +11 plate armour of Qedeoj {+Fly rF- Str+2} (You found it on level 1 of the Realm of Zot)
 78291 | Zot:1    | dam
 79567 | Zot:1    | Noticed a shard shrike
 80019 | Zot:1    | Killed a shard shrike
 80745 | Zot:2    | Reached skill level 10 in Evocations
 83160 | Zot:4    | Reached skill level 24 in Dodging
 84298 | Swamp:4  | Killed Roxanne
 84307 | Swamp:4  | Got a pair of dazzling gloves
 84318 | Swamp:4  | Identified the cursed +0 pair of gloves of Gluttony {rC+ rN+ MR+ rCorr} (You found it on level 4 of the Swamp)
 84673 | Elf:3    | Bought a scroll of immolation for 140 gold pieces
 85880 | Slime:1  | Entered Level 1 of the Pits of Slime
 86844 | Slime:5  | Entered Level 5 of the Pits of Slime
 87345 | Slime:5  | Noticed the Royal Jelly
 88050 | Slime:5  | Killed the Royal Jelly
 88633 | Slime:5  | Learned a level 5 spell: Silence
 88663 | Slime:5  | Got a slimy rune of Zot
 88704 | Slime:5  | Got a polished cloak
 88715 | Slime:5  | Identified the -6 cloak of Plasticity {Int+2} (You acquired it on level 5 of the Pits of Slime)
 89351 | Zot:5    | Entered Level 5 of the Realm of Zot
 89596 | Zot:5    | Noticed an ancient lich
 89641 | Zot:5    | Noticed an ancient lich
 89641 | Zot:5    | Noticed an ancient lich
 89645 | Zot:5    | Noticed an ancient lich
 89649 | Zot:5    | Noticed an orb of fire
 89652 | Zot:5    | HP: 2/237 [ancient lich/crystal spear (34)]
 89652 | Zot:5    | Killed from afar by a yellow draconian zealot

Vault maps used:
D:1:      evilmike_arrival_plus
D:2:      eat_drink_and_be_merry_uskayaw, old_standard_altar,
          minmay_fountain_box, gammafunk_pakellas_its_alive
D:3:      gup_sewer_entry_bubbles
D:4:      nicolae_ashenzari_panopticon, lemuel_doored_altar, first_bread
D:5:      serial_shops, nicolae_shop_crystal, nicolae_tso_besieged_by_evil,
          uniq_menkaure, uniq_edmund, uniq_duvessa
D:6:      marbit_many_paths, xom_teletrap_fun, minitemple,
          minmay_temple_entry_mist
D:8:      nicolae_overflow_hidden_temple, serial_shops, shop,
          uniq_prince_ribbit1, uniq_joseph, uniq_pikel
D:9:      zin_academy, uniq_psyche
D:10:     uniq_fannar
D:11:     minmay_lair_entry_grove, orc_0_dummy, hangedman_stone_soup,
          st_stairs_11, minmay_evil_grid
D:12:     portal_ice_cave_entry_imps, st_stairs_4, uniq_maurice
D:13:     erik_vaults_1
D:14:     kennysheep_funnel, enter_bailey_3, minivault_23
D:15:     gammafunk_enter_depths_forms, nicolae_sextant, serial_shops, shop
Temple:   zaba_magenta_temple_12
Lair:1:   lab_entry_generic, beast_lair_carwin_1, grunt_megastairs_1
Lair:2:   minmay_swamp_entry_reptiles, st_stairs_6, wad_woods_03,
          grunt_megastairs_2
Lair:3:   minmay_snake_entry_guardpost_small
Lair:4:   minmay_holes, ice2_lemuel, grunt_megastairs_5
Lair:5:   wad_woods_stonehenge, slime_altar_1, serial_bayou_shore_a
Lair:6:   guppyfry_lair_end_dragon, hangedman_lair_caniforms_friends,
          basic_altar, worms_lemuel
Swamp:1:  evilmike_swamp_ruin_rubble_1, swamp_pool1
Swamp:2:  evilmike_swamp_ruin_house_4, swamp_pool1, nicolae_swamp_treefoil
Swamp:3:  evilmike_swamp_ruin_house_1, swamp_pool3,
          nicolae_swamp_trees_clearing, uniq_nikola
Swamp:4:  swamp_vile, uniq_roxanne, uniq_jorgrun
Snake:1:  spider_trap, serial_bayou_shore_b
Snake:2:  uniq_aizul
Snake:3:  spider_trap, basic_stair_grate_trap
Snake:4:  snake_pit, guppyfry_snake_island
Slime:1:  nicolae_slime_phagocytosis
Orc:2:    pubby_orc_utopia, uniq_nessos, uniq_sonja, uniq_josephine
Elf:1:    hangedman_corner_corridor
Elf:3:    minmay_elf_hall_spiked, serial_shops, nicolae_shop_behind_doors, shop,
          shop, shop_statue, serial_sigils_hangedman_clutch, spider_trap
Vaults:1: hangedman_vaults_slice, nicolae_vaults_theta, vaults_dpeg_doors,
          v_misc_15, vaults_room_boxed, nicolae_vaults_border_crossing,
          hangedman_vaults_slice, hangedman_vaults_stretched_pinwheel,
          ontoclasm_vaults_shuriken
Vaults:2: grunt_vaults_diagonal, ontoclasm_vaults_tryst, v_misc_15,
          v_alt_pattern_2, v_misc_12, v_misc_1, nicolae_vaults_big_angled_halls,
          vaults_room_semicircle, ontoclasm_vaults_fire_temple,
          hangedman_vaults_slither, v_misc_10, nicolae_vaults_theta,
          hangedman_vaults_stretched_pinwheel, vaults_room_corners,
          vaults_dpeg_diagonal
Vaults:3: vaults_mumra_lcd, grunt_vaults_swirl, vaults_room_hallway,
          vaults_room_fours, v_misc_3, v_rooms_3, hangedman_vaults_capsules,
          grunt_vaults_focal, v_misc_19, minmay_crypt_entry_skeletal_spiral,
          uniq_margery
Vaults:4: vaults_room_door_hall, vaults_mumra_minichess,
          ontoclasm_vaults_water_temple, vaults_room_door_ring,
          vaults_mumra_hexcomb, nicolae_vaults_alarming,
          nicolae_vaults_windows_and_doors_thing, vaults_room_door_hall,
          serial_shops, nicolae_shop_waterfront, uniq_jory
Vaults:5: serial_shops
Depths:1: grunt_arcs, grunt_mini_vestibule, pan_entry, kennysheep_kite_vault
Depths:2: lemuel_firewalk_3, enter_ziggurat_b, rand_demon_pan_entry_3, hex_tiny,
          hell_entry, abyss_entry_crystal, serial_shops, shop,
          kennysheep_little_box, shop, onia_ninara_dug_in_and_dangerous
Depths:3: evilmike_diamond_2, pan_entry, hell_entry, kennysheep_just_a_vault,
          minmay_staircase_windowed_large
Depths:4: lemuel_flame_loot_2, pf_hell_entry_tar_spiral,
          minmay_misc_feat_pillars, abyss_entry_flame_altar,
          infiniplex_staircase_trident, grunt_megastairs_4, firewood_loft
Depths:5: grunt_zot_entry_alcove, grunt_hell_entry_dis_old,
          hangedman_abyss_entry_splay, hangedman_decor_riveting,
          minmay_stone_trees_small
Zot:1:    hangedman_elemental_grid_stream
Zot:2:    lemuel_elevator
Zot:4:    grunt_ministairs_15, grunt_megastairs_3
Abyss:3:  evilmike_abyss_rune_elephants_shrine, evilmike_abyss_exit_glass
Lab:      nicolae_lab_dead_adventurers, nicolae_lab_statue, nicolae_lab_x,
          labyrinth_skeletal_remains, nicolae_lab_grate, labyrinth_glass_1
Sewer:    sewer_kobolds
Bailey:   bailey_axe_of_yendor_kennysheep, bailey
IceCv:    ice_cave_tombish

Skill      XL: |  1  2  3  4  5  6  7  8  9 10 11 12 13 14 15 16 17 18 19 20 21 22 23 24 25 26 27 |
---------------+----------------------------------------------------------------------------------+-----
Maces & Flails | 4 |  4.4
Short Blades   | 1 3 4 5 6 8 10 15 | 15.4
Evocations     | 2 4 6 14 | 14.7
Shields        | 2 9 10 11 12 15 16 | 16.2
Dodging        | 5 9 12 13 14 16 17 18 21 22 24 | 24.9
Fighting       | 5 7 9 10 11 13 14 16 18 22 23 | 23.7
Invocations    | 7 12 13 | 13.4
Air Magic      | 4 |  4.0
Charms         | 3 7 |  7.7
Spellcasting   | 1 4 |  4.7
Armour         | 4 7 11 14 15 16 17 20 | 20.2
Hexes          | 4 |  4.5
Translocations | 10 | 10.0
Stealth        | |  2.0

Action                   |  1- 3 |  4- 6 |  7- 9 | 10-12 | 13-15 | 16-18 | 19-21 | 22-24 | 25-27 || total
-------------------------+-------+-------+-------+-------+-------+-------+-------+-------+-------++-------
Melee: Mace              |    79 |       |       |       |       |       |       |       |       ||    79
       Dagger            |    16 |   107 |   265 |   904 |  1554 |       |       |       |       ||  2846
       Quick blade       |       |       |       |       |  1526 |  2588 |  4708 |  3183 |  5013 || 17018
 Fire: Blowgun           |       |       |       |     6 |    15 |       |       |       |       ||    21
Throw: Throwing net      |       |       |     1 |       |     1 |       |       |       |       ||     2
 Cast: Repel Missiles    |       |       |       |       |     1 |     2 |     6 |    13 |     8 ||    30
       Spectral Weapon   |       |       |       |       |       |       |       |       |     8 ||     8
       Blink             |       |       |       |       |       |       |       |       |     5 ||     5
       Tukima's Dance    |       |       |       |       |       |       |       |       |     1 ||     1
       Summon Butterflie |       |       |       |       |       |       |       |       |     1 ||     1
Invok: Recite            |       |       |       |     8 |    46 |    39 |    73 |    27 |    51 ||   244
       Vitalisation      |       |       |       |     1 |    14 |    19 |     7 |    23 |    24 ||    88
       Imprison          |       |       |       |       |       |       |     1 |       |     2 ||     3
       Sanctuary         |       |       |       |       |       |       |       |     1 |       ||     1
 Abil: Evoke Invisibilit |       |       |     5 |    20 |    29 |    15 |    10 |     3 |    11 ||    93
Evoke: Wand              |       |     3 |    12 |    31 |    16 |    10 |    13 |     5 |    16 ||   106
       Sack of spiders   |       |       |       |       |     5 |     1 |       |     3 |    11 ||    20
       Lamp of fire      |       |       |       |       |       |     2 |     1 |     1 |       ||     4
       Rod               |       |       |       |       |       |       |    12 |     3 |     6 ||    21
       Phial of floods   |       |       |       |       |       |       |       |       |     1 ||     1
  Use: Potion            |     1 |       |     1 |     1 |     9 |    10 |     5 |     5 |    15 ||    47
       Scroll            |     6 |     3 |     7 |    11 |    12 |    12 |     6 |    24 |    28 ||   109
 Stab: Sleeping          |     5 |     2 |     3 |     9 |    22 |       |       |     1 |     4 ||    46
       Invisible         |       |       |    15 |    65 |   115 |    85 |    51 |    14 |   112 ||   457
       Held in net/web   |       |       |     1 |       |       |       |       |       |     3 ||     4
       Distracted        |       |       |     1 |     3 |     6 |       |       |       |     7 ||    17
       Confused          |       |       |       |     5 |    19 |    20 |   107 |    28 |    56 ||   235
       Paralysed         |       |       |       |       |    24 |     9 |    14 |     4 |     7 ||    58
       Petrified         |       |       |       |       |       |     2 |       |       |       ||     2
  Eat: Chunk             |     1 |     5 |     4 |    17 |    25 |     5 |     4 |     2 |     5 ||    68
       Bread ration      |     1 |       |     1 |     3 |     2 |       |     3 |     1 |    12 ||    23
       Meat ration       |       |       |     2 |     1 |     3 |     5 |     4 |     3 |     5 ||    23
       Fruit             |       |       |       |     3 |    10 |     3 |     3 |     3 |       ||    22
       Pizza             |       |       |       |       |     1 |     1 |       |       |     2 ||     4
       Beef jerky        |       |       |       |       |       |     2 |     5 |    16 |     2 ||    25
       Royal jelly       |       |       |       |       |       |     3 |     1 |       |     1 ||     5
Armor: Robe              |     9 |    15 |    31 |    91 |   164 |    23 |       |       |       ||   333
       Ring mail         |     9 |       |       |       |       |       |       |       |       ||     9
       Chain mail        |       |       |       |       |     1 |       |       |       |       ||     1
       Scale mail        |       |       |       |       |       |   402 |   425 |   338 |   123 ||  1288
       Fire dragon armou |       |       |       |       |       |       |       |       |   441 ||   441
Dodge: Dodged            |    45 |    31 |    71 |   244 |   883 |   777 |  1122 |   924 |  1618 ||  5715
       Deflected         |       |       |       |       |     2 |     2 |    21 |    34 |    38 ||    97
Block: Shield            |    30 |    41 |    59 |   327 |  1109 |   934 |  1260 |   964 |  1407 ||  6131
